 Dungeon Crawl Stone Soup version 0.30-b1-2-g02819fbbbe (webtiles) character file.

Game seed: 242195576301318283

268 sanka the Ducker (level 6, -6/48 HPs)
             Began as a Barachi Enchanter on May 19, 2023.
             Killed by nerve-wracking pain
             ... invoked by an orc priest
              (14 damage)
             ... on level 3 of the Dungeon.
             The game lasted 00:06:01 (2765 turns).

sanka the Ducker (Barachi Enchanter)                Turns: 2765, Time: 00:06:01

Health: -6/48      AC:  6    Str:  9    XL:     6   Next: 21%
Magic:  9/9        EV:  9    Int: 18    God:
Gold:   153        SH:  0    Dex: 12    Spells: 6/9 levels left

rFire   . . .        a - +0 dagger (venom)
rCold   . . .        (no shield)
rNeg    . . .        m - +0 scale mail
rPois   .            (no helmet)
rElec   .            n - scarf {repulsion}
rCorr   .            (no gloves)
SInv    .            (no boots)
Will    +....        (no amulet)
Stlth   +            g - ring of willpower
HPRegen 0.28/turn    (no ring)
MPRegen 0.11/turn

%: repel missiles
@: unable to hop, invisible, slow
A: amphibious, slowness 1, strong legs 1, +LOS
a: Hop


You were on level 3 of the Dungeon.
You visited 1 branch of the dungeon, and saw 3 of its levels.

You collected 153 gold pieces.

Inventory:

Hand Weapons
 a - a +0 dagger of venom (weapon)
 b - a +0 mace
 t - a +1 dagger
Missiles
 q - a throwing net {=f}
Armour
 m - a +0 scale mail (worn)
 n - a scarf of repulsion (worn)
 o - a +0 robe
Jewellery
 g - a ring of willpower (left hand)
Scrolls
 e - 4 scrolls of teleportation {unknown}
 f - a scroll of fear {unknown}
 h - a scroll of poison {unknown}
 l - a scroll of blinking {unknown}
 r - 2 scrolls of amnesia {unknown}
 s - a scroll of identify {unknown}
 u - a scroll of immolation {unknown}
Potions
 c - a potion of invisibility
 d - 2 potions of mutation {unknown}
 i - a potion of cancellation {unknown}
 j - 2 potions of curing {unknown}
 k - a potion of lignification {unknown}
 p - a potion of attraction {unknown}
 v - a potion of haste {unknown}


   Skills:
 + Level 4.1 Fighting
 - Level 1.1 Short Blades
 + Level 4.5 Dodging
 - Level 2.6 Stealth
 - Level 2.1 Spellcasting
 - Level 3.2 Hexes
 + Level 3.5 Ice Magic


You had 6 spell levels left.
You knew the following spells:

 Your Spells              Type           Power      Damage    Failure   Level
a - Ozocubu's Armour      Ice            14%        N/A       73%         3

Your spell library contained the following spells:

 Spells                   Type           Power      Damage    Failure   Level
 Ensorcelled Hibernation  Hex/Ice        28%        N/A       50%         2
 Confusing Touch          Hex            13%        N/A       75%         3
 Tukima's Dance           Hex            13%        N/A       75%         3
 Dazzling Flash           Conj/Hex       14%        N/A       93%         3
 Volatile Blastmotes      Fire/Tloc      2%         2d10      99%         3
 Fulminant Prism          Conj/Hex       3%         3d5       100%        4
 Iskenderun's Mystic Bla  Conj/Tloc      1%         2d3       100%        4
 Lee's Rapid Deconstruct  Erth           0%         3d4*      100%        5
 Ozocubu's Refrigeration  Ice            7%         4d9       100%        7


Dungeon Overview and Level Annotations

Branches:
Dungeon (3/15)

Altars:


Innate Abilities, Weirdness & Mutations

You are amphibious.
You cover ground slowly.
You can hop short distances.
You have an extended range of vision and can be seen from far away.


Message History

The orc priest hits you with a +0 mace.
The orc priest shouts!
You hit the orc priest.
The orc priest is poisoned.
The orc priest is moderately wounded.
You barely miss the orc priest.
The orc priest is moderately wounded.
The orc priest closely misses you.
You barely miss the orc priest.
The orc priest is moderately wounded.
The orc priest hits you with a +0 mace.
You hit the orc priest but do no damage.
The orc priest is heavily wounded.
The orc priest hits you with a +0 mace.
You barely miss the orc priest.
The orc priest is heavily wounded.
The orc priest hits you with a +0 mace.
You closely miss the orc priest.
The orc priest is heavily wounded.
The orc priest invokes the aid of Beogh against you.
Beogh smites you!
Things that are here:
a +0 whip; a +0 leather armour You closely miss the orc priest.
The orc priest is severely wounded.
The orc priest closely misses you.
The orc priest looks satisfied for a moment.
The orc priest attacks as you move away!
The orc priest closely misses you.
The orc priest mumbles some strange prayers to Beogh against you.
Beogh smites you!
* * * LOW HITPOINT WARNING * * *
Hop to where?
Press: ? - help, Dir - move target Boing!
You fade into invisibility!
You kill the orc priest!
Your Fighting skill increases to level 4!
The orc priest mumbles some strange prayers to Beogh against you.
Pain shoots through your body!
You die...

>... #... #..##...
#..#### #...... #...#
######## ###)#
##......## #####.#
##........#####.o.).##
#..<†@.....#..o.###..#
#..†....o..#.#### ##.#
#...........)# #.)
#..........#####) ...
#................####.
##........######## .
##........## .
#..........# .
#.........[# .


You could see an orc priest (unable to see you).

Vanquished Creatures
  An orc priest (D:3)
  Jessica (D:2)
  Natasha (thrice) (D:2)
  An orc wizard (D:3)
  A gnoll (D:2)
  4 adders (D:2)
  2 worms (D:2)
  3 dart slugs
  2 orcs
  7 bats
  6 endoplasms
  4 giant cockroaches
  3 goblins (D:2)
  4 hobgoblins
  2 quokkas (D:1)
  5 ball pythons
  2 frilled lizards (D:1)
  5 kobolds
  8 rats
64 creatures vanquished.

Notes
Turn   | Place    | Note
-------+----------+-------------------------------------------
     0 | D:1      | sanka the Barachi Enchanter began the quest for the Orb.
     0 | D:1      | Reached XP level 1. HP: 13/13 MP: 3/3
   119 | D:1      | Reached skill level 1 in Fighting
   211 | D:1      | Reached XP level 2. HP: 21/21 MP: 5/5
   756 | D:1      | Reached XP level 3. HP: 27/27 MP: 6/6
   760 | D:1      | Learned a level 3 spell: Ozocubu's Armour
  1038 | D:2      | Reached skill level 1 in Ice Magic
  1098 | D:2      | Noticed a phantom
  1292 | D:2      | Reached XP level 4. HP: 23/34 MP: 7/7
  1965 | D:2      | Noticed Natasha
  1973 | D:2      | Killed Natasha
  1974 | D:2      | Reached XP level 5. HP: 28/41 MP: 8/8
  2213 | D:2      | Noticed Natasha
  2228 | D:2      | Killed Natasha
  2327 | D:2      | Noticed Natasha
  2341 | D:2      | Killed Natasha
  2555 | D:3      | Noticed Jessica
  2568 | D:2      | Killed Jessica
  2744 | D:3      | Reached XP level 6. HP: 37/48 MP: 9/9
  2765 | D:3      | Killed from afar by an orc priest

Illustrated notes

Levels and vault maps discovered:
D:1:      minmay_arrival_cross, layout_loops_ring
D:2:      layout_basic, minmay_joined_circles, uniq_natasha
D:3:      layout_rooms, nicolae_ru_great_annihilating_truth, roderic_lattice_a,
          uniq_jessica

Skill      XL: |  1  2  3  4  5  6 |
---------------+-------------------+-----
Fighting       | 1 2 3 4 |  4.1
Dodging        | 3 4 |  4.5
Ice Magic      | 1 2 3 |  3.5
Short Blades   | |  1.1
Stealth        | |  2.6
Spellcasting   | |  2.1
Hexes          | |  3.2

Action                     |  1- 3 |  4- 6 || total
---------------------------+-------+-------++-------
  Melee: Dagger            |    82 |    68 ||   150
         Punch             |     3 |     1 ||     4
         Mace              |    50 |    93 ||   143
Ability: Hop               |     3 |     2 ||     5
    Use: Potion            |       |     1 ||     1
   Stab: Sleeping          |     7 |       ||     7
 Armour: Robe              |     7 |       ||     7
         Scale mail        |    36 |    65 ||   101
  Dodge: Dodged            |    78 |    72 ||   150
         Repelled          |       |     2 ||     2
